 Dungeon Crawl Stone Soup version 0.18-a0-1788-g92de1ac (webtiles) character file.

648 Mefis the Magician (level 7, -2/47 HPs)
             Began as a Human Wizard on Apr 20, 2016.
             Killed from afar by Blork the orc (5 damage)
             ... with a magic dart
             ... on level 5 of the Dungeon.
             The game lasted 00:46:07 (6110 turns).

Mefis the Magician (Human Wizard)                   Turns: 6110, Time: 00:46:08

Health: -2/47      AC:  3    Str:  6 (7)  XL:     7   Next: 83%
Magic:  1/14       EV: 12    Int: 17 (20) God:    Xom [.*....]
Gold:   232        SH:  0    Dex: 10 (12) Spells: 7 memorised, 0 levels left

rFire  . . .     SeeInvis .     o - +0 spear (pierce)
rCold  . . .     Gourm    .     a - +0 robe
rNeg   . . .     Faith    .     (no shield)
rPois  .         Spirit   .     N - +0 helmet (curse)
rElec  .         Dismiss  .     (no cloak)
rCorr  .         Reflect  .     (no gloves)
SustAt .         Harm     .     (no boots)
MR     +....                    (no amulet)
Stlth  ++........               j - ring of protection from magic
                                e - ring of flight

@: very slightly contaminated, repel missiles, invisible, somewhat resistant to
hostile enchantments, unstealthy
A: no striking features
a: Renounce Religion, Evoke Flight


You were on level 5 of the Dungeon.
You worshipped Xom.
You were a plaything of Xom.
You were not hungry.

You visited 1 branch of the dungeon, and saw 5 of its levels.

You collected 232 gold pieces.

Inventory:

Hand Weapons
 o - a +0 spear of piercing (weapon)
 w - a +0 trident
 D - a +0 rapier
 L - a +0 shortbow
Missiles
 u - 37 sling bullets
 M - 22 poisoned needles
 P - 4 curare-tipped needles
Armour
 a - a +0 robe (worn)
 b - a +0 hat
 g - a +0 helmet
 N - a cursed +0 helmet (worn)
Jewellery
 e - a ring of flight (left hand)
 j - a ring of protection from magic (right hand)
Wands
 z - a wand of random effects (29/48)
 H - a wand of teleportation (3/9)
Scrolls
 f - 3 scrolls of random uselessness {unknown}
 r - a scroll of remove curse {unknown}
 s - a scroll of teleportation
 y - a scroll of enchant armour {unknown}
 A - 3 scrolls of amnesia
 B - a scroll of enchant weapon {unknown}
 I - a scroll of blinking {unknown}
 O - a scroll of recharging {unknown}
 Q - a scroll of magic mapping {unknown}
Potions
 i - 2 potions of berserk rage
 l - 2 potions of haste
 x - a potion of magic {unknown}
 C - a potion of curing {unknown}
 G - a potion of brilliance
 J - a potion of heal wounds {unknown}
 K - a potion of degeneration
Books
 c - a book of Minor Magic

   Spells                             Type                      Level
   a - Magic Dart                     Conjuration                  1
   b - Blink                          Translocation                2
   c - Call Imp                       Summoning                    2
   d - Repel Missiles                 Charms/Air                   2
   e - Slow                           Hexes                        2
   f - Conjure Flame                  Conjuration/Fire             3
   g - Mephitic Cloud                 Conjuration/Poison/Air       3
 F - a book of the Tempests

   Spells                             Type                      Level
   a - Static Discharge               Conjuration/Air              3
   b - Lightning Bolt                 Conjuration/Air              5
   c - Fireball                       Conjuration/Fire             5
   d - Tornado                        Air                          9
   e - Shatter                        Earth                        9
Comestibles
 d - a bread ration
 h - a beef jerky
 k - 2 slices of pizza
 p - 2 meat rations
 t - 2 fruits
 E - a royal jelly


   Skills:
 + Level 0.6 Fighting
 + Level 1.0 Throwing
 + Level 3.2 Dodging
 + Level 3.5 Stealth
 + Level 5.2 Spellcasting
 + Level 2.8 Conjurations
 + Level 0.2 Charms
 + Level 2.9 Summonings
 + Level 1.8 Translocations
 + Level 0.6 Air Magic
 + Level 0.8 Poison Magic
 + Level 0.6 Evocations


You couldn't memorise any spells.
You knew the following spells:

 Your Spells              Type           Power        Failure   Level  Hunger
a - Magic Dart            Conj           ##..         4%          1    None
b - Call Imp              Summ           ##......     10%         2    #......
c - Blink                 Tloc           N/A          12%         2    #......
d - Repel Missiles        Chrm/Air       #.....       21%         2    #......
e - Mephitic Cloud        Conj/Pois/Air  #.......     24%         3    ###....
f - Conjure Flame         Conj/Fire      #.......     24%         3    ###....
g - Static Discharge      Conj/Air       ##......     21%         3    ###....


Dungeon Overview and Level Annotations

Branches:
Dungeon (5/15)
 Temple: D:4-7

Altars:
Makhleb
Qazlal
Ru
Trog
Xom

Annotations:
D:5 Blork the orc, Menkaure


Message History

Blork the orc barely misses you.
Blork the orc casts a spell.
Blork the orc flickers and vanishes!
Deactivating autopickup; reactivate with Ctrl-A.
Something hits you. Something hits you!
Your magical contamination has completely faded away.
A puff of flame appears from out of thin air!
The puff of flame hits you!
* * * LOW HITPOINT WARNING * * *
You see here 3 tomahawks.
Drink which item? (? for menu, Esc to quit)
It was a potion of invisibility.
You fade into invisibility!
Something hits you!
* * * LOW HITPOINT WARNING * * *
You are very lightly contaminated with residual magic.
A magic dart appears from out of thin air!
The magic dart hits you!
You die...

#..####.######*
#.^## ###..####.#
#.≈.. ..........#
#.... #####.#####
##^≈. ≈≈≈..#.##
#.≈# ...≈..#.##
#^.# ._.≈...#.##
#^.# ...≈..#...#
####### ##≈.
≈≈≈..#....# #.(.@.#
###
#####.#...###.###.#
.....#......# #.#
#...#######.###.#
##.# #.....# #.
###.### # #.# ..#
.###


There were no monsters in sight!

Vanquished Creatures
  2 ogres
  A worker ant (D:4)
  4 adders
  2 oozes (D:3)
  A dart slug (D:1)
  A giant gecko (D:5)
  2 orcs (D:3)
  A ball python (D:2)
  2 giant cockroaches
  4 goblins
  5 hobgoblins
  2 jackals (D:4)
  8 kobolds
  A quokka (D:2)
  9 bats
  2 giant newts
  A quokka zombie (D:5)
  9 rats
57 creatures vanquished.

Vanquished Creatures (collateral kills)
  Sigmund (D:4)
  3 ogres
  A scorpion (D:4)
  The ghost of Yehuk the Skirmisher, a weakling DsFi (D:3)
  A crimson imp (D:5)
  2 centaur skeletons
  4 adders
  An ooze (D:4)
  An orc (D:4)
  2 jackals (D:4)
  A rat (D:2)
18 creatures vanquished.

Grand Total: 75 creatures vanquished

Notes
Turn   | Place    | Note
--------------------------------------------------------------
     0 | D:1      | Mefis the Human Wizard began the quest for the Orb.
     0 | D:1      | Reached XP level 1. HP: 13/13 MP: 4/4
   243 | D:1      | Reached XP level 2. HP: 11/19 MP: 1/6
   250 | D:1      | Learned a level 2 spell: Call Imp
   253 | D:1      | Learned a level 2 spell: Blink
   256 | D:1      | Learned a level 2 spell: Repel Missiles
  1080 | D:2      | Reached XP level 3. HP: 24/24 MP: 0/7
  1500 | D:2      | Reached XP level 4. HP: 29/31 MP: 1/9
  1510 | D:2      | Learned a level 3 spell: Mephitic Cloud
  1934 | D:2      | Found a burning altar of Makhleb.
  2292 | D:3      | Noticed an ogre
  2311 | D:3      | Killed an ogre
  2311 | D:3      | Reached XP level 5. HP: 7/36 MP: 1/10
  3052 | D:3      | Noticed Yehuk's ghost (weakling DsFi)
  3106 | D:3      | Killed Yehuk's ghost
  3649 | D:4      | Noticed an ogre
  3699 | D:4      | Killed an ogre
  3699 | D:4      | Reached skill level 4 in Spellcasting
  3699 | D:4      | Reached XP level 6. HP: 18/42 MP: 0/12
  3705 | D:4      | Learned a level 3 spell: Conjure Flame
  4061 | D:4      | Found a shimmering altar of Xom.
  4065 | D:4      | Found a shimmering altar of Xom.
  4068 | D:4      | Found a shimmering altar of Xom.
  4075 | D:4      | Became a worshipper of Xom of Chaos
  4119 | D:4      | Noticed an ogre
  4143 | D:4      | Killed an ogre
  4145 | D:4      | Noticed Sigmund
  4198 | D:4      | XOM: divination: detect creatures
  4375 | D:3      | XOM: silly message
  4616 | D:4      | Reached XP level 7. HP: 47/47 MP: 5/13
  4825 | D:4      | XOM: cast spell 'Call Canine Familiar'
  4863 | D:4      | Killed Sigmund
  4924 | D:4      | XOM: god gift: 44 gold pieces
  4936 | D:4      | XOM: divination: detect creatures
  5019 | D:4      | XOM: harmless Tloc miscast
  5056 | D:5      | Entered Level 5 of the Dungeon
  5081 | D:5      | Found a stormy altar of Qazlal.
  5260 | D:5      | Noticed Menkaure
  5297 | D:5      | XOM: butterfly on damage
  5303 | D:5      | XOM: swap monsters
  5594 | D:4      | XOM: summons friendly shadow imp
  5601 | D:4      | XOM: enchant monster (good)
  5637 | D:4      | Reached skill level 5 in Spellcasting
  5642 | D:4      | Learned a level 3 spell: Static Discharge
  5791 | D:5      | Found a bloodstained altar of Trog.
  5802 | D:5      | XOM: mild Erth miscast
  5942 | D:5      | XOM: divination: magic mapping
  5963 | D:5      | Reached skill level 1 in Throwing
  6017 | D:5      | Found a sacrificial altar of Ru.
  6033 | D:5      | Noticed Blork the orc
  6062 | D:5      | XOM: swap monsters
  6110 | D:5      | Killed from afar by Blork the orc

Vault maps used:
D:1:      lemuel_arrival_funnel
D:2:      overflow_temple_1_default, first_bread
D:3:      roderic_whirl, kennysheep_potato
D:4:      xom_redecorated, uniq_sigmund
D:5:      cheibriados_altar_1, grunt_qazlal_sundering, nicolae_ru_awakened_eye,
          kennysheep_mini_moat, uniq_menkaure, uniq_blork_the_orc

Skill      XL: |  1  2  3  4  5  6  7 |
---------------+----------------------+-----
Conjurations   | 2 |  2.8
Stealth        | 3 |  3.5
Spellcasting   | 4 5 |  5.2
Dodging        | 3 |  3.2
Summonings     | 2 |  2.9
Throwing       | 1 |  1.0
Fighting       | |  0.6
Charms         | |  0.2
Translocations | |  1.8
Air Magic      | |  0.6
Poison Magic   | |  0.8
Evocations     | |  0.6

Action                   |  1- 3 |  4- 6 |  7- 9 || total
-------------------------+-------+-------+-------++-------
Melee: Club              |     7 |       |       ||     7
       Unarmed           |     6 |       |       ||     6
       Spear             |    28 |    44 |    11 ||    83
Throw: Tomahawk          |     6 |     3 |    12 ||    21
 Cast: Magic Dart        |    51 |    70 |    19 ||   140
       Call Imp          |     3 |    25 |    14 ||    42
       Repel Missiles    |     1 |     1 |       ||     2
       Blink             |       |    10 |     4 ||    14
       Mephitic Cloud    |       |     2 |     6 ||     8
       Conjure Flame     |       |     1 |     2 ||     3
       Static Discharge  |       |       |     1 ||     1
 Abil: Evoke Flight      |     1 |     1 |       ||     2
Evoke: Wand              |       |       |     2 ||     2
  Use: Potion            |       |     2 |     5 ||     7
       Scroll            |       |       |     4 ||     4
 Stab: Sleeping          |     6 |     4 |     2 ||    12
       Distracted        |       |     2 |       ||     2
       Confused          |       |       |     1 ||     1
  Eat: Bread ration      |     1 |     2 |     2 ||     5
Armor: Robe              |    13 |     7 |       ||    20
Dodge: Dodged            |    37 |    21 |     6 ||    64
       Deflected         |     1 |       |       ||     1
